 Dungeon Crawl Stone Soup version 0.26-a0-54-g15ccc7ae60 (webtiles) character file.

Game seed: 10453543742999838352

1545 vurker the Zephyrmancer (level 8, -1/48 HPs)
             Began as a Tengu Air Elementalist on June 7, 2020.
             Shot with a sling bullet by Joseph (12 damage)
             ... on level 7 of the Dungeon.
             The game lasted 00:10:09 (7689 turns).

vurker the Zephyrmancer (Tengu Air Elementalist)    Turns: 7689, Time: 00:10:10

Health: -1/48      AC:  4    Str:  8    XL:     8   Next: 87%
Magic:  15/18      EV: 15    Int: 21    God:
Gold:   281        SH:  0    Dex: 18    Spells: 6/19 levels left

rFire    . . .     SeeInvis .   r - +0 whip (elec)
rCold    . . .     Gourm    .   (no shield)
rNeg     + . .     Faith    .   a - +0 robe
rPois    .         Spirit   .   (helmet restricted)
rElec    .         Reflect  .   w - +0 cloak of the Playwright {+Inv rN+ Int+3 Dex+3}
rCorr    .         Harm     .   D - +0 pair of gloves
MR       ++...                  (boots unavailable)
Stlth    ++........             (no amulet)
HPRegen  0.16/turn              y - ring of protection from magic
MPRegen  0.16/turn              u - ring of protection from magic

@: flying quickly and evasively, quick
A: beak, talons 3, able to fly
a: Stop Flying, Evoke Invisibility


You were on level 7 of the Dungeon.
You were near starving.

You visited 1 branch of the dungeon, and saw 7 of its levels.

You collected 281 gold pieces.

Inventory:

Hand Weapons
 r - a +0 whip of electrocution (weapon)
   (You found it on level 3 of the Dungeon)
Missiles
 t - a throwing net (quivered)
Armour
 a - a +0 robe (worn)
 w - the +0 cloak of the Playwright (worn) {+Inv rN+ Int+3 Dex+3}
   (You found it on level 4 of the Dungeon)

   It affects your intelligence (+3).
   It affects your dexterity (+3).
   It protects you from negative energy.
   It lets you turn invisible.
 D - a +0 pair of gloves (worn)
   (You found it on level 6 of the Dungeon)
Magical Staves
 C - a cursed staff of cold {unknown}
   (You found it on level 6 of the Dungeon)
Jewellery
 n - an uncursed ring of protection from fire
   (You found it on level 2 of the Dungeon)
 u - a ring of protection from magic (right hand)
   (You found it on level 4 of the Dungeon)
 y - a ring of protection from magic (left hand)
   (You found it on level 5 of the Dungeon)
Scrolls
 b - 5 scrolls of remove curse
 c - 3 scrolls of teleportation
 d - 6 scrolls of identify {unknown}
 f - 2 scrolls of magic mapping
 g - 3 scrolls of random uselessness {unknown}
 k - 3 scrolls of immolation
 m - 2 scrolls of blinking {unknown}
 s - 2 scrolls of enchant weapon {unknown}
 B - a scroll of enchant armour {unknown}
Potions
 h - a potion of cancellation {unknown}
 i - a potion of haste
 j - a potion of ambrosia {unknown}
 l - a potion of heal wounds {unknown}
 o - 4 potions of stabbing {unknown}
 p - 2 potions of brilliance {unknown}
 q - 2 potions of mutation {unknown}
 v - a potion of might {unknown}
 x - 2 potions of lignification {unknown}
 z - 2 potions of curing {unknown}
 A - a potion of resistance {unknown}
 E - 2 potions of invisibility {unknown}
Comestibles
 e - 8 rations


   Skills:
 + Level 4.1 Fighting
 - Level 2.1 Dodging
 - Level 2.0 Stealth
 * Level 6.0 Spellcasting
 + Level 5.7 Conjurations
 * Level 9.0 Air Magic


You had 6 spell levels left.
You knew the following spells:

 Your Spells              Type           Power        Failure   Level  Hunger
a - Shock                 Conj/Air       ####         1%          1    None
b - Static Discharge      Conj/Air       #####...     1%          3    ##.....
c - Airstrike             Air            #####.....   2%          4    ####...
d - Lightning Bolt        Conj/Air       #####.....   13%         5    #####..

Your spell library contained the following spells:

 Spells                   Type           Power        Failure   Level  Hunger
 Swiftness                Chrm/Air       ####....     2%          2    None


Dungeon Overview and Level Annotations

Branches:
Dungeon (7/15)             Temple (0/1) D:7

Altars:
Hepliaklqana
Makhleb
Nemelex Xobeh
Wu Jian

Annotations:
D:7 Harold, Joseph


Innate Abilities, Weirdness & Mutations

You have a beak for a mouth.
You have claws for feet.
You can fly continuously.


Message History

You can't see any susceptible monsters within range! (Use Z to cast anyway.) Joseph, a Mercenary comes into view.
He is wielding a +1 quarterstaff of protection.
Aim: Joseph, wielding a +1 quarterstaff of protection, wearing a cursed +0 leather armour and quivering 18 sling bullets (asleep)
The zap hits Joseph.
Joseph shouts!
You hear a shout!
Joseph unwields a +1 quarterstaff of protection.
Joseph wields a +7 hunting sling.
Joseph shoots a sling bullet.
The sling bullet hits you.
The phantom blinks!
The phantom blinks!
There is a stone staircase leading up here.
Aim: Joseph, wielding a +7 hunting sling, wearing a cursed +0 leather armour and quivering 17 sling bullets (lightly wounded)
The zap hits Joseph.
Joseph shoots a sling bullet.
The sling bullet hits you!
Aim: Joseph, wielding a +7 hunting sling, wearing a cursed +0 leather armour and quivering 16 sling bullets (lightly wounded)
The zap misses Joseph.
Joseph shoots a sling bullet.
The sling bullet hits you.
Aim: Joseph, wielding a +7 hunting sling, wearing a cursed +0 leather armour and quivering 15 sling bullets (lightly wounded)
The zap hits Joseph.
Aim: Joseph, wielding a +7 hunting sling, wearing a cursed +0 leather armour and quivering 15 sling bullets (lightly wounded)
The zap hits Joseph.
Joseph shoots a sling bullet.
The sling bullet hits you!!
Ouch! That really hurt!
* * * LOW HITPOINT WARNING * * *
You fly upwards.
There is a stone staircase leading down here.
You start resting.
You start resting.
You are feeling very hungry.
You start resting.
You are near starving!
You start resting.
You fly downwards.
Level annotation: Harold, Joseph Joseph drinks a potion.
Joseph seems to speed up.
Joseph unwields a +7 hunting sling.
Joseph wields a +1 quarterstaff of protection.
Joseph misses you.
There is a stone staircase leading up, spattered with blood here.
You see here 3 sling bullets.
Joseph unwields a +1 quarterstaff of protection.
Joseph wields a +7 hunting sling.
Joseph shoots a sling bullet.
The sling bullet hits you!
You see here a sling bullet.
The zap misses Joseph.
The zap hits Joseph.
Joseph shoots a sling bullet.
The sling bullet hits you!!
* * * LOW HITPOINT WARNING * * *
The zap hits Joseph.
The zap misses Joseph.
Joseph shoots a sling bullet.
The sling bullet misses you.
Unknown command.
The zap hits Joseph!
The zap misses Joseph.
Joseph shoots a sling bullet.
The sling bullet hits you!
You die...

#. #...# #..#
#. .... ###....
#.##..#...#...#
#......# ..ยง.#
#.(#####.>.##
##....#.....#
##..#...#W..#
#######....##
...
#(.@<@.#..#.# .
#.####.##...#
.. #.###..# #.#
#.# #... # #.#
..## ... .##
... ##. .#


You could see Joseph (fast).

Vanquished Creatures
  A hippogriff (D:5)
  An orc warrior (D:4)
  An ice beast (D:5)
  A sky beast (D:6)
  2 ogres
  2 phantoms (D:5)
  2 bullfrogs (D:6)
  2 scorpions
  A quasit (D:6)
  A crimson imp (D:2)
  Crazy Yiuf (D:3)
  An iguana (D:5)
  3 orc wizards
  3 worker ants
  2 hound skeletons (D:5)
  A howler monkey zombie (D:7)
  Robin (D:3)
  A worker ant zombie (D:4)
  7 gnolls
  3 adders
  An ooze (D:1)
  A worm (D:3)
  2 dart slugs (D:2)
  7 leopard geckos
  13 orcs
  8 bats
  3 giant cockroaches
  7 goblins
  8 hobgoblins
  5 jackals (D:1)
  4 frilled lizards
  5 kobolds
  2 leopard gecko skeletons
  3 rats
106 creatures vanquished.

Notes
Turn   | Place    | Note
-------+----------+-------------------------------------------
     0 | D:1      | vurker the Tengu Air Elementalist began the quest for the
                  | Orb.
     0 | D:1      | Reached XP level 1. HP: 10/10 MP: 4/4
   119 | D:1      | Reached XP level 2. HP: 16/16 MP: 1/6
  1060 | D:2      | Reached XP level 3. HP: 20/20 MP: 4/7
  1434 | D:2      | Reached skill level 1 in Fighting
  1904 | D:2      | Found a burning altar of Makhleb.
  1944 | D:2      | Reached skill level 5 in Air Magic
  1944 | D:2      | Reached XP level 4. HP: 14/25 MP: 3/9
  2335 | D:2      | Learned a level 3 spell: Static Discharge
  2340 | D:2      | Learned a level 4 spell: Airstrike
  2381 | D:3      | Noticed Robin
  2398 | D:3      | Killed Robin
  2818 | D:3      | Noticed an ogre
  2830 | D:3      | Killed an ogre
  2830 | D:3      | Gained mutation: You can fly continuously. [Tengu growth]
  2830 | D:3      | Reached XP level 5. HP: 30/30 MP: 4/11
  3241 | D:3      | Found a runed translucent door.
  3242 | D:3      | Noticed Crazy Yiuf
  3620 | D:3      | HP: 1/30 [Crazy Yiuf/+2 quarterstaff of chaos (14)]
  3621 | D:3      | Killed Crazy Yiuf
  3621 | D:3      | Reached XP level 6. HP: 1/35 MP: 6/12
  4043 | D:4      | Found a hazy altar of Hepliaklqana.
  4090 | D:4      | Noticed an orc warrior
  4093 | D:4      | Reached skill level 6 in Air Magic
  4400 | D:4      | Got a dazzling cloak
  4411 | D:4      | Identified the cursed +0 cloak of the Playwright {+Inv rN+
                  | Int+3 Dex+3} (You found it on level 4 of the Dungeon)
  4484 | D:4      | Killed an orc warrior
  5016 | D:4      | Reached XP level 7. HP: 40/40 MP: 11/14
  5109 | D:5      | Entered Level 5 of the Dungeon
  5119 | D:5      | Noticed a hippogriff
  5127 | D:5      | Killed a hippogriff
  5127 | D:5      | Reached skill level 7 in Air Magic
  5434 | D:5      | Reached skill level 5 in Spellcasting
  5434 | D:5      | Reached XP level 8. HP: 46/46 MP: 8/16
  5445 | D:5      | Reached skill level 8 in Air Magic
  5988 | D:5      | Found a sparkling altar of Nemelex Xobeh.
  6030 | D:5      | Reached skill level 5 in Conjurations
  6812 | D:6      | Learned a level 5 spell: Lightning Bolt
  6876 | D:6      | Reached skill level 9 in Air Magic
  7001 | D:6      | Found an ornate altar of the Wu Jian Council.
  7355 | D:7      | Found a staircase to the Ecumenical Temple.
  7362 | D:7      | Noticed Harold
  7401 | D:7      | Noticed Joseph
  7689 | D:7      | Shot with a sling bullet by Joseph

Illustrated notes

Levels and vault maps discovered:
D:1:      minmay_arrival_glassed_features, layout_basic, minivault_23,
          hangedman_abyss_or_decor_lesser_grid, palyth_stone_intersect,
          hangedman_decor_growths, minmay_ruptured
D:2:      layout_loops_ring, makhleb_grotto_becter
D:3:      layout_basic, uniq_robin, uniq_crazy_yiuf_cottage
D:4:      layout_gridville, overflow_temple_1_default, first_ration
D:5:      layout_rooms, marbit_many_paths, serial_bayou_pond_c
D:6:      layout_loops_ring, old_standard_altar
D:7:      layout_loops_cross, lemuel_crystal_altar, minmay_temple_entry_arrows,
          minmay_lizard_king, uniq_harold, uniq_joseph

Skill      XL: |  1  2  3  4  5  6  7  8 |
---------------+-------------------------+-----
Conjurations   | 2 3 4 5 |  5.7
Fighting       | 1 2 3 4 |  4.1
Air Magic      | 5 6 7 9 |  9.0
Spellcasting   | 3 4 5 6 |  6.0
Dodging        | |  2.1
Stealth        | |  2.0

Action                   |  1- 3 |  4- 6 |  7- 9 || total
-------------------------+-------+-------+-------++-------
Melee: Unarmed           |     9 |       |       ||     9
       Kick              |     9 |     1 |       ||    10
       Short sword       |    16 |     3 |       ||    19
       Peck              |     2 |       |     1 ||     3
       Whip              |       |       |     6 ||     6
 Cast: Shock             |    71 |    96 |   122 ||   289
       Static Discharge  |       |     3 |       ||     3
       Airstrike         |       |       |     7 ||     7
 Abil: Fly               |       |     1 |       ||     1
  Use: Scroll            |       |       |     4 ||     4
  Eat: Chunk             |     4 |     8 |     5 ||    17
       Ration            |       |       |     1 ||     1
Armor: Robe              |     4 |     3 |     3 ||    10
Dodge: Dodged            |    21 |    22 |    40 ||    83

Table legend:
 A = Non-vault XP
 B = Vault XP
 C = Vault XP percentage of total XP
 D = Non-vault monster count
 E = Vault monster count
 F = Vault count percentage of total count
                 A         B        C        D         E       F
            +---------+---------+-------+---------+---------+-------
      Total |    2098 |     110 |   5.0 |      98 |       8 |   7.5
            +---------+---------+-------+---------+---------+-------
        D:1 |      28 |       4 |  12.5 |      12 |       2 |  14.3
        D:2 |      40 |      44 |  52.4 |      20 |       1 |   4.8
        D:3 |     147 |      62 |  29.7 |      13 |       5 |  27.8
        D:4 |     295 |       0 |   0.0 |      15 |       0 |   0.0
        D:5 |     914 |       0 |   0.0 |      14 |       0 |   0.0
        D:6 |     657 |       0 |   0.0 |      23 |       0 |   0.0
        D:7 |      17 |       0 |   0.0 |       1 |       0 |   0.0
            +---------+---------+-------+---------+---------+-------
